 Dungeon Crawl Stone Soup version 0.30-a0-331-g8ab09dc110 (webtiles) character file.

Game seed: 15441310956918163529

1469 blackman the Slasher (level 9, -2/62 HPs)
             Began as a Human Delver on Oct 29, 2022.
             Was an Elder of Ru.
             Shot with a sling bullet by Joseph (16 damage)
             ... on level 7 of the Dungeon.
             The game lasted 00:17:57 (7587 turns).

blackman the Slasher (Human Delver)                 Turns: 7587, Time: 00:17:57

Health: -2/62      AC:  3    Str: 13    XL:     9   Next: 6%
Magic:  8/12       EV: 12    Int: 12    God:    Ru [****..]
Gold:   300        SH:  0    Dex: 23    Spells: 9/12 levels left

rFire   . . .      SeeInvis .    h - +0 rapier
rCold   . . .      Faith    .    (shield unavailable)
rNeg    . . .      Spirit   .    b - +0 leather armour
rPois   .          Reflect  .    (no helmet)
rElec   .          Harm     .    (no cloak)
rCorr   .          Rampage  .    (no gloves)
Will    .....                    (no boots)
Stlth   +++.......               (no amulet)
HPRegen 0.30/turn                (ring unavailable)
MPRegen 0.13/turn                z - +6 ring of dexterity

@: exhausted, invisible
A: missing a hand, unskilled 1
a: Renounce Religion, Draw Out Power, Power Leap


You were on level 7 of the Dungeon.
You worshipped Ru.
Ru was greatly pleased with you.
You visited 2 branches of the dungeon, and saw 8 of its levels.

You collected 300 gold pieces.

Inventory:

Hand Weapons
 a - a +0 falchion
 h - a +0 rapier (weapon)
Missiles
 f - 2 javelins
 A - 12 poisoned darts (quivered)
Armour
 b - a +0 leather armour (worn)
Magical Staves
 D - a staff of earth
Jewellery
 m - a +6 ring of strength
 r - a ring of see invisible
 z - a +6 ring of dexterity (right hand)
Wands
 g - a wand of digging (1)
 C - a wand of mindburst (12)
Scrolls
 c - a scroll of fog
 e - 8 scrolls of identify {unknown}
 j - 3 scrolls of blinking {unknown}
 l - 2 scrolls of brand weapon {unknown}
 n - 5 scrolls of teleportation {unknown}
 p - 2 scrolls of poison {unknown}
 t - a scroll of vulnerability {unknown}
 y - a scroll of immolation {unknown}
 B - 2 scrolls of silence {unknown}
 E - a scroll of noise {unknown}
Potions
 d - 2 potions of flight {unknown}
 i - a potion of berserk rage {unknown}
 k - 2 potions of degeneration {unknown}
 o - 4 potions of haste
 q - a potion of experience {unknown}
 s - a potion of invisibility
 u - a potion of brilliance {unknown}
 v - a potion of attraction {unknown}
 w - a potion of curing {unknown}
 x - a potion of heal wounds {unknown}


   Skills:
 - Level 2.6 Fighting
 - Level 6.6 Long Blades
 - Level 1.7 Dodging
 - Level 4.5 Stealth
 - Level 2.3 Spellcasting
 * Level 4.9 Conjurations
 * Level 3.9 Earth Magic


You had 9 spell levels left.
You knew the following spells:

 Your Spells              Type           Power      Damage    Failure   Level
a - Stone Arrow           Conj/Erth      24%        3d8       16%         3

Your spell library contained the following spells:

 Spells                   Type           Power      Damage    Failure   Level
 Magic Dart               Conj           52%        1d5       4%          1
 Sandblast                Erth           20%        2d7       7%          1
 Passwall                 Tmut/Erth      5%         N/A       22%         2
 Call Imp                 Summ           1%         N/A       45%         2
 Mephitic Cloud           Conj/Pois/Air  5%         N/A       45%         3


Dungeon Overview and Level Annotations

Branches:
Dungeon (7/15)             Temple (1/1) D:5

Altars:
Ashenzari
Cheibriados
Fedhas
Hepliaklqana
Kikubaaqudgha
Nemelex Xobeh
Okawaru
Qazlal
Ru
Sif Muna
Trog
Uskayaw
Vehumet
Wu Jian
Xom
Yredelemnul
The Shining One

Shops:
D:5 *

Annotations:
D:4 2 transporters, koil's ghost, amateur SpHu
D:7 Joseph


Innate Abilities, Weirdness & Mutations

You are missing a hand.
You are somewhat unskilled. (-1 Apt)


Message History

Press: ? - help, Dir - move target, f - Joseph
Aim: Joseph, wielding a +0 quarterstaff and wearing a +2 leather armour of fire resistance (asleep)
Okay, then.
Joseph hits you with a +0 quarterstaff!
Aiming: Power Leap
Press: ? - help, Dir - move target Joseph hits you with a +0 quarterstaff.
You hit Joseph but do no damage.
Joseph is moderately wounded.
Joseph hits you with a +0 quarterstaff!
You hit Joseph.
Joseph is moderately wounded.
Joseph says, "You will never get the ORB, sorry."
Joseph closely misses you.
You hit Joseph but do no damage.
Joseph is moderately wounded.
Joseph hits you with a +0 quarterstaff.
Aiming: Mindburst
Press: ? - help, Shift-Dir - straight line, f - Joseph
Aim: Joseph, wielding a +0 quarterstaff and wearing a +2 leather armour of fire resistance (moderately wounded, chance to affect: 47%) Joseph resists with some effort.
Joseph hits you with a +0 quarterstaff!
* * * LOW HITPOINT WARNING * * *
Unknown command.
Press: ? - help, v - describe, . - travel
Here: Joseph, wielding a +0 quarterstaff and wearing a +2 leather armour of fire resistance (moderately wounded)
The floor, spattered with blood.
You fade into invisibility!
You redirect Joseph's attack!
Joseph hits himself with a +0 quarterstaff!
Unknown command.
Okay, then.
Unknown command.
Aiming: Dig
Press: ? - help, Shift-Dir - straight line, p - Joseph A rock wall.
The rock shatters into small pieces.
Joseph shouts!
Joseph unwields a +0 quarterstaff.
Joseph wields a +0 sling.
Joseph shoots a sling bullet.
The sling bullet hits you!
You die...

# #.# #. #.#.#
###.#########.##.#
.............)...#
##.#@..###.######
#...##.# #...#.#
#....# #..@# #####


You could see Joseph (unable to see you).

Vanquished Creatures
  Sigmund (D:2)
  An ice beast (D:5)
  A black bear (D:6)
  2 phantoms (D:6)
  3 necrophages (D:4)
  2 scorpions
  3 jellies
  5 orc priests
  2 hounds
  Jessica (D:2)
  3 orc wizards
  3 iguanas
  2 scorpion zombies (D:4)
  A hound zombie (D:4)
  6 adders
  A white imp (D:5)
  2 ufetubi (D:6)
  3 dart slugs
  2 worms (D:2)
  13 orcs
  4 ball pythons
  3 bats (D:3)
  7 endoplasms
  5 giant cockroaches
  9 goblins
  2 hobgoblins (D:1)
  6 kobolds
  2 quokkas
  15 frilled lizards
  4 rats
114 creatures vanquished.

Vanquished Creatures (others)
  2 bushes (D:4)
  14 plants
16 creatures vanquished.

Grand Total: 130 creatures vanquished

Notes
Turn   | Place    | Note
-------+----------+-------------------------------------------
     0 | D:5      | blackman the Human Delver began the quest for the Orb.
     0 | D:5      | Reached XP level 1. HP: 18/18 MP: 1/1
    20 | D:5      | Noticed an ice beast
    32 | D:5      | Noticed an orc wizard
   143 | D:5      | Reached XP level 2. HP: 24/24 MP: 2/2
   150 | D:5      | Noticed a scorpion
   173 | D:5      | Found a staircase to the Ecumenical Temple.
   195 | Temple   | Entered the Ecumenical Temple
   323 | Temple   | Became a worshipper of Ru the Awakened
   372 | D:4      | Reached skill level 3 in Long Blades
   422 | D:4      | Noticed a black bear
   660 | D:3      | Reached XP level 3. HP: 18/29 MP: 3/3
   784 | D:3      | Found a faded altar of an unknown god.
   934 | D:2      | Reached skill level 4 in Long Blades
   934 | D:2      | Reached XP level 4. HP: 15/35 MP: 4/4
  1350 | D:1      | Reached XP level 5. HP: 41/41 MP: 5/5
  1382 | D:1      | Gained mutation: You are missing a hand. [Ru sacrifice]
  1382 | D:1      | Reached * piety under Ru
  1382 | D:1      | Reached ** piety under Ru
  1382 | D:1      | Reached *** piety under Ru
  1773 | D:2      | Noticed Sigmund
  1796 | D:2      | Killed Sigmund
  1797 | D:2      | Reached skill level 6 in Long Blades
  1797 | D:2      | Reached XP level 6. HP: 19/47 MP: 6/6
  1820 | D:2      | Noticed Jessica
  2406 | D:2      | Killed Jessica
  2789 | D:3      | Reached skill level 7 in Long Blades
  2789 | D:3      | Reached XP level 7. HP: 26/50 MP: 7/7
  3825 | D:4      | Found a radiant altar of Vehumet.
  3966 | D:4      | Noticed koil's ghost (amateur SpHu)
  3969 | D:4      | Found a transporter.
  3973 | D:4      | Found a transporter.
  4062 | D:4      | Found a blossoming altar of Fedhas.
  4324 | D:4      | Reached skill level 1 in Spellcasting
  4324 | D:4      | Reached skill level 1 in Conjurations
  4794 | D:5      | Reached XP level 8. HP: 55/56 MP: 11/11
  5013 | D:4      | Gained mutation: You are somewhat unskilled. (-1 Apt) [Ru
                  | sacrifice]
  5013 | D:4      | Reduced skill Long Blades to level 6
  5013 | D:4      | Reduced skill Dodging to level 1
  5013 | D:4      | Reached **** piety under Ru
  5250 | D:5      | Found Noec's General Store.
  5280 | D:5      | Reached skill level 1 in Earth Magic
  6319 | D:5      | Found a broken altar of Ashenzari.
  7055 | D:6      | Reached XP level 9. HP: 61/62 MP: 6/12
  7287 | D:6      | Learned a level 3 spell: Stone Arrow
  7577 | D:7      | Noticed Joseph
  7587 | D:7      | Shot with a sling bullet by Joseph

Illustrated notes

Levels and vault maps discovered:
D:1:      minmay_arrival_checkered_box, layout_loops_ring, minmay_lizard_king
D:2:      layout_basic, uniq_jessica, uniq_sigmund
D:3:      layout_basic, shapermc_ecumenical_altar_mp_highgroup
D:4:      layout_rooms, fedhas_altar_decomposition,
          mainiacjoe_overflow_alcove_4, gammafunk_ghost_arena
D:5:      layout_layer_cave, ashenzari_altar_1, temple_doors_e, serial_shops,
          shop
D:6:      layout_rooms, minmay_fountain_box, hangedman_decor_slide_cut
D:7:      layout_basic, nicolae_gozag_cash_rules_everything_around_me,
          uniq_joseph
Temple:   nicolae_temple_two_arcs

Skill      XL: |  1  2  3  4  5  6  7  8 |
---------------+-------------------------+-----
Long Blades    | 3 4 6 7 6 |  6.6
Spellcasting   | 2 |  2.3
Conjurations   | 2 4 |  4.9
Fighting       | 2 |  2.6
Dodging        | 1 |  1.7
Stealth        | 4 |  4.5
Earth Magic    | 3 |  3.9

Action                   |  1- 3 |  4- 6 |  7- 9 || total
-------------------------+-------+-------+-------++-------
Melee: Rapier            |    66 |   155 |   206 ||   427
       Punch             |       |     1 |       ||     1
Throw: Javelin           |       |       |     2 ||     2
Invok: Sacrifice a Hand  |       |     1 |       ||     1
       Draw Out Power    |       |     1 |     1 ||     2
       Power Leap        |       |       |     9 ||     9
       Sacrifice Skill   |       |       |     1 ||     1
Evoke: Wand              |     1 |       |     2 ||     3
  Use: Scroll            |     2 |       |       ||     2
       Potion            |     1 |       |     1 ||     2
 Stab: Sleeping          |     1 |     8 |     8 ||    17
       Invisible         |       |     2 |     2 ||     4
       Distracted        |       |       |     2 ||     2
Armor: Leather armour    |    18 |    22 |    31 ||    71
Dodge: Dodged            |    40 |    80 |    89 ||   209

Table legend: (Time is in decaauts)
 A = Elapsed time spent in this place.
 B = Non-inter-level travel time spent in this place.
 C = Inter-level travel time spent in this place.
 D = Time resting spent in this place.
 E = Time spent auto-exploring this place.
 F = Levels seen in this place.
 G = Mean time per level.
                   A        B        C        D        E       F      G
               +--------+--------+--------+--------+--------+-----+--------+
         Total |   7578 |   7309 |    269 |   1401 |   4625 |   8 |  947.2 |
       Dungeon |   7439 |   7179 |    260 |   1401 |   4519 |   7 | 1062.7 |
        Temple |    138 |    129 |      9 |      0 |    106 |   1 |  138.0 |
               +--------+--------+--------+--------+--------+-----+--------+

Top non-repeatable levels by time:
     D:5: 1858 daAuts
     D:4: 1318 daAuts
     D:2: 1315 daAuts
     D:3: 1269 daAuts
     D:6: 1004 daAuts
     D:1: 616 daAuts
  Temple: 138 daAuts
     D:7: 56 daAuts
